 Dungeon Crawl Stone Soup version 0.20.0-14-g326068f (webtiles) character file.

132 maniacrov the Firebug (level 4, -2/24 HPs)
             Began as a Deep Elf Fire Elementalist on June 8, 2017.
             Slain by sagitran's ghost (9 damage)
             ... on level 3 of the Dungeon.
             The game lasted 00:13:16 (2333 turns).

maniacrov the Firebug (Deep Elf Fire Elementalist)  Turns: 2333, Time: 00:13:16

Health: -2/24      AC:  3    Str:  5    XL:     4   Next: 92%
Magic:  1/12       EV: 13    Int: 21    God:
Gold:   121        SH:  0    Dex: 15    Spells: 5/11 levels left

rFire    . . .     SeeInvis .   (no weapon)
rCold    . . .     Gourm    .   (no shield)
rNeg     . . .     Faith    .   a - +1 robe
rPois    .         Spirit   .   (no helmet)
rElec    .         Reflect  .   (no cloak)
rCorr    .         Harm     .   (no gloves)
MR       .....                  (no boots)
Stlth    ++........             h - amulet of regeneration
Regen    0.5/turn               (no ring)
MPRegen  0.2/turn               (no ring)

@: no status effects
A: no striking features
a: no special abilities


You were on level 3 of the Dungeon.
You were not hungry.

You visited 1 branch of the dungeon, and saw 3 of its levels.

You collected 121 gold pieces.

Inventory:

Armour
 a - a +1 robe (worn)
Jewellery
 h - an amulet of regeneration (around neck)
Wands
 q - a wand of confusion (12/48)
Scrolls
 i - a scroll of immolation {unknown}
 l - a scroll of fear {unknown}
 n - a scroll of identify
 p - a scroll of noise {unknown}
Potions
 e - a potion of haste {unknown}
 g - a potion of agility {unknown}
 k - a potion of ambrosia {unknown}
 m - 3 potions of degeneration
 o - a potion of brilliance {unknown}
 r - a potion of mutation {unknown}
 s - a potion of invisibility {unknown}
Books
 b - a book of Flames

   Spells                             Type                      Level
   a - Flame Tongue                   Conjuration/Fire             1
   b - Throw Flame                    Conjuration/Fire             2
   c - Conjure Flame                  Conjuration/Fire             3
   d - Inner Flame                    Hexes/Fire                   3
   e - Sticky Flame                   Conjuration/Fire             4
   f - Fireball                       Conjuration/Fire             5
Comestibles
 c - 2 bread rations
 d - a royal jelly
 f - 3 meat rations


   Skills:
 + Level 2.7 Dodging
 + Level 2.7 Stealth
 + Level 4.4 Spellcasting
 + Level 2.5 Conjurations
 + Level 4.7 Fire Magic


You had 5 spell levels left.
You knew the following spells:

 Your Spells              Type           Power        Failure   Level  Hunger
a - Flame Tongue          Conj/Fire      ###..        2%          1    None
b - Throw Flame           Conj/Fire      ###...       3%          2    #......
c - Inner Flame           Hex/Fire       ##......     13%         3    ##.....


Dungeon Overview and Level Annotations

Branches:
Dungeon (3/15)

Altars:
Fedhas

Annotations:
D:3 sagitran's ghost, amateur DsAK


Message History

Aiming: Confuse (will waste charges)
Press: ? - help, Shift-Dir - straight line, f/p - sagitran's ghost
Aim: sagitran's ghost (almost destroyed, chance to defeat MR: 40%) Sagitran's ghost resists with some effort.
Evoking this partially-identified wand wasted a few charges.
Sagitran's ghost misses you.
Aiming: Confuse (will waste charges)
Press: ? - help, Shift-Dir - straight line, f/p - sagitran's ghost
Aim: sagitran's ghost (almost destroyed, chance to defeat MR: 40%) Sagitran's ghost resists with some effort.
Evoking this partially-identified wand wasted a few charges.
Sagitran's ghost hits you!
* * * LOW HITPOINT WARNING * * *
Aiming: Confuse (will waste charges)
Press: ? - help, Shift-Dir - straight line, f/p - sagitran's ghost
Aim: sagitran's ghost (almost destroyed, chance to defeat MR: 40%) Sagitran's ghost resists with some effort.
Evoking this partially-identified wand wasted a few charges.
Sagitran's ghost hits you!
You die...

######### #.......#
###########.......###
###..W@.......÷))......
#.÷>...................
#.....#######.......###
#.........# #.......# #
#.........# #.......# #
##........# #.......###
#........# ####.....#
#........# #)###.#
#...###### #.# #.#


You could see sagitran's ghost.

Vanquished Creatures
  A worker ant (D:3)
  A gnoll (D:1)
  4 adders
  A dart slug (D:2)
  9 orcs (D:3)
  10 bats
  3 giant cockroaches
  6 goblins
  4 hobgoblins
  4 frilled lizards
  2 kobolds
  11 rats
56 creatures vanquished.

Notes
Turn   | Place    | Note
-------+----------+-------------------------------------------
     0 | D:1      | maniacrov the Deep Elf Fire Elementalist began the quest for the Orb.
     0 | D:1      | Reached XP level 1. HP: 10/10 MP: 6/6
   112 | D:1      | Reached XP level 2. HP: 15/15 MP: 0/8
   499 | D:1      | Reached XP level 3. HP: 19/19 MP: 7/9
   516 | D:1      | Learned a level 2 spell: Throw Flame
   520 | D:1      | Learned a level 3 spell: Inner Flame
  1188 | D:2      | Found a faded altar of an unknown god.
  1334 | D:2      | Found a blossoming altar of Fedhas.
  1812 | D:3      | Reached XP level 4. HP: 22/24 MP: 6/11
  2248 | D:3      | Noticed sagitran's ghost (amateur DsAK)
  2333 | D:3      | Slain by sagitran's ghost

Skill      XL: |  1  2  3  4 |
---------------+-------------+-----
Fire Magic     | 4 |  4.7
Conjurations   | 2 |  2.5
Spellcasting   | 4 |  4.4
Dodging        | |  2.7
Stealth        | |  2.7

Action                   |  1- 3 |  4- 6 || total
-------------------------+-------+-------++-------
Melee: Unarmed           |     2 |    12 ||    14
 Cast: Flame Tongue      |    56 |    51 ||   107
       Throw Flame       |     5 |     1 ||     6
       Inner Flame       |       |     1 ||     1
Evoke: Wand              |       |     6 ||     6
  Use: Scroll            |     5 |       ||     5
       Potion            |       |     3 ||     3
 Stab: Confused          |       |     3 ||     3
  Eat: Meat ration       |     1 |       ||     1
Armor: Robe              |     4 |     7 ||    11
Dodge: Dodged            |    16 |    30 ||    46
